 Dungeon Crawl Stone Soup version 0.17-a0-1941-gcc30b76 (webtiles) character file.

4437 Kuldar the Thaumaturge (level 10, 0/50 HPs)
             Began as a Deep Elf Wizard on Sept 30, 2015.
             Was a Believer of Vehumet.
             Slain by a minotaur
             ... wielding a +1 rod of ignition (11/11)
              (17 damage)
             ... in a labyrinth.
             The game lasted 00:58:40 (11694 turns).

Kuldar the Thaumaturge (Deep Elf Wizard)           Turns: 11694, Time: 00:58:40

Health: 0/50       AC:  5    Str:  4    XL:     10   Next: 14%
Magic:  27/38      EV: 12    Int: 27    God:    Vehumet [**....]
Gold:   460        SH:  0    Dex: 13    Spells: 5 memorised, 25 levels left

rFire  . . .     SeeInvis .     G - +1 scimitar (holy)
rCold  . . .     Clarity  .     a - +0 robe
rNeg   . . .     SustAt   .     (no shield)
rPois  +         Gourm    .     M - +0 helmet
rElec  .         Spirit   .     K - +1 cloak
rCorr  .         Warding  .     (no gloves)
rMut   .         Stasis   .     (no boots)
MR     +....                    (no amulet)
Stlth  ++........               k - ring of magical power
                                X - ring of poison resistance

@: repel missiles, somewhat resistant to hostile enchantments, unstealthy
A: no striking features
a: Renounce Religion


You were in a labyrinth.
You worshipped Vehumet.
Vehumet was pleased with you.
You were very hungry.

You visited 3 branches of the dungeon, and saw 10 of its levels.
You also visited: Labyrinth.

You collected 460 gold pieces.

Inventory:

Hand weapons
 u - a +0 blowgun
 G - a +1 scimitar of holy wrath (weapon)
Missiles
 r - 4 curare-tipped needles
 D - 7 poisoned needles
Armour
 a - a +0 robe (worn)
 b - a +0 hat
 K - a +1 cloak (worn)
 M - a +0 helmet (worn)
 Q - a +0 buckler
Jewellery
 k - a ring of magical power (right hand)
 p - an uncursed ring of wizardry
 X - a ring of poison resistance (left hand)
Magical devices
 s - a wand of lightning (0)
 A - a wand of fire (0)
 B - a wand of paralysis (2)
 L - a wand of confusion (21)
 O - a wand of flame (13)
 P - a wand of frost (17)
 S - a wand of confusion (13)
 T - a wand of polymorph (8)
Scrolls
 f - 5 scrolls of remove curse
 g - a scroll of recharging
 l - 5 scrolls of identify {unknown}
 w - 2 scrolls of enchant armour {unknown}
 x - 3 scrolls of amnesia {unknown}
 y - 2 scrolls of enchant weapon {unknown}
 E - a scroll of random uselessness
 F - 3 scrolls of fog {unknown}
Potions
 h - 2 potions of agility {unknown}
 j - a potion of lignification {unknown}
 m - 4 potions of curing
 n - a potion of invisibility {unknown}
 o - 4 potions of poison {unknown}
 z - 2 potions of heal wounds
 I - a potion of brilliance {unknown}
 N - a potion of mutation {unknown}
 R - a potion of magic {unknown}
 W - a potion of might {unknown}
Books
 c - a book of Minor Magic

   Spells                             Type                      Level
   a - Magic Dart                     Conjuration                  1
   b - Blink                          Translocation                2
   c - Call Imp                       Summoning                    2
   d - Repel Missiles                 Charms/Air                   2
   e - Slow                           Hexes                        2
   f - Conjure Flame                  Conjuration/Fire             3
   g - Mephitic Cloud                 Conjuration/Poison/Air       3
 q - a book of Spatial Translocations

   Spells                             Type                      Level
   a - Apportation                    Translocation                1
   b - Blink                          Translocation                2
   c - Shroud of Golubria             Charms/Translocation         2
   d - Portal Projectile              Translocation                3
   e - Teleport Other                 Translocation                3
   f - Passage of Golubria            Translocation                4
 t - a book of Burglary

   Spells                             Type                      Level
   a - Swiftness                      Charms/Air                   2
   b - Passwall                       Transmutation/Earth          3
   c - Passage of Golubria            Translocation                4
   d - Lee's Rapid Deconstruction     Earth                        5
   e - Darkness                       Hexes                        6
   f - Invisibility                   Hexes                        6
 H - a book of the Earth

   Spells                             Type                      Level
   a - Leda's Liquefaction            Hexes/Earth                  4
   b - Bolt of Magma                  Conjuration/Fire/Earth       5
   c - Statue Form                    Transmutation/Earth          6
   d - Iron Shot                      Conjuration/Earth            6
   e - Shatter                        Earth                        9
 J - a book of Burglary

   Spells                             Type                      Level
   a - Swiftness                      Charms/Air                   2
   b - Passwall                       Transmutation/Earth          3
   c - Passage of Golubria            Translocation                4
   d - Lee's Rapid Deconstruction     Earth                        5
   e - Darkness                       Hexes                        6
   f - Invisibility                   Hexes                        6
Comestibles
 d - 8 bread rations
 i - a slice of pizza
 v - 3 meat rations


   Skills:
 - Level 2.4 Dodging
 - Level 2.4 Stealth
 * Level 13.6 Spellcasting
 * Level 11.4 Conjurations
   Level 1.1 Summonings
 - Level 1.1 Translocations


You had 25 spell levels left.
You knew the following spells:

 Your Spells              Type           Power        Failure   Level  Hunger
a - Magic Dart            Conj           ####         1%          1    None
b - Blink                 Tloc           N/A          2%          2    None
c - Repel Missiles        Chrm/Air       ###...       6%          2    None
e - Conjure Flame         Conj/Fire      #####...     1%          3    None
h - Mephitic Cloud        Conj/Pois/Air  #####...     1%          3    None


Dungeon Overview and Level Annotations

Branches:
Dungeon (8/15)             Temple (1/1) D:5            Lair (1/8) D:8

Altars:
Ashenzari
Dithmenos
Elyvilon
Fedhas
Gozag
Kikubaaqudgha
Makhleb
Nemelex Xobeh
Okawaru
Ru
Trog
Vehumet
Yredelemnul
Zin
The Shining One

Annotations:
D:4 P0WERM0DE's ghost, experienced DgCj
D:5 1 runed door


Message History

Casting: Magic Dart
Confirm with . or Enter, or press ? or * to list all spells.
Aiming: Magic Dart
Press: ? - help, Shift-Dir - straight line, f/p - minotaur
Aim: a minotaur, wielding a rod of ignition and wearing a runed plate armour (flame, lightly wounded, confused)
The magic dart hits the minotaur.
The minotaur is lightly wounded.
The minotaur seems less confused.
The minotaur is engulfed in roaring flames.
Casting: Magic Dart
Confirm with . or Enter, or press ? or * to list all spells.
Aiming: Magic Dart
Press: ? - help, Shift-Dir - straight line, f/p - minotaur
Aim: a minotaur, wielding a rod of ignition and wearing a runed plate armour (flame, lightly wounded)
The magic dart hits the minotaur.
The minotaur is lightly wounded.
The minotaur hits you with a rod of ignition!!
Ouch! That really hurt!
The minotaur gores you!
You die...

.
#########
#.. ....#
.#.#####.#
#.# ..#
#.# #.#.#
# #.#.#
#.# #ยง#.
#.###H#.#
.
#....@#.#
#######.#
# # . .
... #.# ..
.


You could see a minotaur.

Vanquished Creatures
  Maurice (D:8)
  Grinder (D:5)
  A yak (D:8)
  2 hippogriffs
  Eustachio (D:5)
  A wraith (D:7)
  Edmund (D:5)
  A black bear (D:7)
  An orc warrior (D:7)
  A sky beast (D:5)
  2 phantoms
  4 centaurs
  A necrophage (D:7)
  3 ogres
  An ice beast (D:8)
  A crocodile (D:8)
  6 giant frogs
  Blork the orc (D:5)
  5 scorpions
  3 wights (D:7)
  A crimson imp (D:6)
  4 orc priests
  2 giant frog zombies
  A hound (D:5)
  3 orc wizards
  A centaur skeleton (D:7)
  3 human zombies (D:7)
  4 giant frog skeletons
  2 worker ants
  3 iguanas
  A human skeleton (D:7)
  A sheep (D:8)
  An ogre skeleton (D:7)
  A mummy (D:7)
  7 gnolls
  6 adders
  3 shadow imps
  An ooze (D:6)
  5 adder skeletons
  3 worms
  4 giant geckos
  28 orcs
  A ball python (D:1)
  4 giant cockroaches
  5 hobgoblins
  7 kobolds
  4 quokkas
  12 bats
  2 giant gecko skeletons
  7 giant newts
  5 goblins
  2 jackal zombies
  An orc zombie (D:7)
  8 rats
181 creatures vanquished.

Notes
Turn   | Place    | Note
--------------------------------------------------------------
     0 | D:1      | Kuldar the Deep Elf Wizard began the quest for the Orb.
     0 | D:1      | Reached XP level 1. HP: 10/10 MP: 7/7
   212 | D:1      | Reached XP level 2. HP: 15/15 MP: 2/9
   995 | D:2      | Reached XP level 3. HP: 19/19 MP: 6/11
   999 | D:2      | Learned a level 2 spell: Blink
  1002 | D:2      | Learned a level 2 spell: Repel Missiles
  1006 | D:2      | Learned a level 3 spell: Mephitic Cloud
  1010 | D:2      | Learned a level 3 spell: Conjure Flame
  1654 | D:2      | Reached skill level 5 in Spellcasting
  1654 | D:2      | Reached XP level 4. HP: 22/24 MP: 5/13
  2984 | D:4      | Noticed P0WERM0DE's ghost (experienced DgCj)
  3026 | D:4      | Reached XP level 5. HP: 21/28 MP: 2/15
  3196 | D:4      | Found a bloodstained altar of Trog.
  3237 | D:4      | Found a burning altar of Makhleb.
  3266 | D:4      | Reached skill level 6 in Spellcasting
  3434 | D:4      | Reached skill level 5 in Conjurations
  3564 | D:5      | Entered Level 5 of the Dungeon
  3644 | D:5      | Noticed an ogre
  3660 | D:5      | Killed an ogre
  3660 | D:5      | Reached XP level 6. HP: 32/32 MP: 0/17
  3769 | D:5      | Noticed a phantom
  3786 | D:5      | Killed a phantom
  3786 | D:5      | Reached skill level 7 in Spellcasting
  3883 | D:5      | Noticed Edmund
  3890 | D:5      | Noticed Eustachio
  3904 | D:5      | Killed Edmund
  4079 | D:5      | Reached XP level 7. HP: 36/36 MP: 7/20
  4139 | D:4      | Found an iron altar of Okawaru.
  4139 | D:4      | Found a sacrificial altar of Ru.
  4160 | D:5      | Found a staircase to the Ecumenical Temple.
  4164 | D:5      | Noticed a centaur
  4177 | D:5      | Killed a centaur
  4177 | D:5      | Reached skill level 8 in Spellcasting
  4190 | Temple   | Entered the Ecumenical Temple
  4199 | Temple   | Became a worshipper of Vehumet
  4456 | D:5      | Found a runed door.
  4495 | D:5      | Noticed a human
  4510 | D:5      | Found a basalt altar of Yredelemnul.
  4565 | D:5      | Noticed an ogre
  4575 | D:5      | Killed an ogre
  4648 | D:5      | Noticed Blork the orc
  4652 | D:5      | Noticed a sky beast
  4665 | D:5      | Killed Blork the orc
  4665 | D:5      | Reached skill level 9 in Spellcasting
  4720 | D:5      | Killed a sky beast
  4971 | D:5      | Reached XP level 8. HP: 38/41 MP: 12/23
  5005 | D:5      | Killed Eustachio
  5022 | D:5      | Found a sparkling altar of Nemelex Xobeh.
  5190 | D:5      | Noticed Grinder
  5208 | D:5      | Killed Grinder
  5208 | D:5      | Reached skill level 10 in Spellcasting
  5497 | D:6      | You fall through a shaft for 2 floors!
  5557 | D:8      | Found a basalt altar of Yredelemnul.
  5735 | D:8      | Found a glowing silver altar of Zin.
  5765 | D:8      | Noticed Maurice
  5774 | D:8      | Killed Maurice
  6216 | D:8      | Reached skill level 11 in Spellcasting
  6379 | D:8      | Found a staircase to the Lair.
  6379 | D:8      | Noticed an elephant
  6395 | D:8      | Reached XP level 9. HP: 26/45 MP: 19/26
  7020 | D:7      | Reached skill level 10 in Conjurations
  7115 | D:7      | Reached skill level 12 in Spellcasting
  7120 | D:7      | Acquired Vehumet's first power
  7120 | D:7      | Offered knowledge of Shock by Vehumet.
  7341 | D:7      | Found a sparkling altar of Nemelex Xobeh.
  8270 | D:7      | Reached skill level 13 in Spellcasting
  8352 | D:7      | Offered knowledge of Freeze by Vehumet.
  8448 | D:7      | Found an ancient bone altar of Kikubaaqudgha.
  8780 | D:6      | Found a shattered altar of Ashenzari.
  8797 | D:6      | Found a shadowy altar of Dithmenos.
  9033 | D:6      | Found a white marble altar of Elyvilon.
  9081 | D:6      | Reached XP level 10. HP: 34/50 MP: 18/29
  9217 | D:6      | Found an opulent altar of Gozag.
  9712 | Lair:1   | Entered Level 1 of the Lair of Beasts
  9767 | Lair:1   | Found a labyrinth entrance.
  9778 | Lab      | Entered a labyrinth
 11381 | Lab      | Noticed a minotaur
 11694 | Lab      | Identified a +1 rod of ignition (11/11)
 11694 | Lab      | Slain by a minotaur

Vault maps used:
D:1:      evilmike_arrival_plus, minmay_misc_feat_square, st_stairs_9
D:2:      kennysheep_generic_room_2
D:3:      minmay_misc_feat_diagonals
D:4:      nicolae_overflow_hidden_temple
D:5:      nemelex_deck, minmay_temple_entry_glassed_door, first_bread,
          dk_yredelemnul_ordeal, uniq_blork_the_orc, uniq_eustachio,
          uniq_edmund, uniq_grinder
D:6:      evilmike_ruin_ashenzari, overflow_temple_1_default,
          nicolae_overflow_crystal_walls,
          nicolae_gozag_cash_rules_everything_around_me
D:7:      lemuel_mausoleum_altar_kikubaaqudgha, basic_altar
D:8:      zin_academy, lemuel_crystal_altar, david_lair_generic, uniq_maurice
Temple:   nicolae_temple_great_sept
Lair:1:   beast_lair_carwin_large_4, lab_entry_generic, guppyfry_lair_drakes,
          lemuel_fruit_fields
Lab:      labyrinth_spiral

Action                   |  1- 3 |  4- 6 |  7- 9 | 10-12 || total
-------------------------+-------+-------+-------+-------++-------
Melee: Blowgun           |       |       |     1 |       ||     1
       Scimitar          |       |       |     1 |       ||     1
 Fire: Blowgun           |       |     4 |     3 |       ||     7
 Cast: Magic Dart        |    84 |   119 |   413 |   115 ||   731
       Conjure Flame     |     2 |     6 |    33 |     9 ||    50
       Mephitic Cloud    |       |     2 |    20 |     7 ||    29
       Blink             |       |       |     9 |     2 ||    11
       Repel Missiles    |       |       |     2 |       ||     2
Evoke: Wand              |       |       |     5 |     5 ||    10
  Use: Scroll            |       |       |       |     7 ||     7
  Eat: Chunk             |     2 |     7 |    13 |     3 ||    25
       Beef jerky        |       |       |     1 |       ||     1
       Fruit             |       |       |       |     2 ||     2
       Pizza             |       |       |       |     2 ||     2
